Map: Dash and Terminal LE (Void)

Players

LeeLee

  • Race: Terran Terran
  • League: Diamond

Stannis - Winner!

  • Race: Zerg Zerg
  • League: Diamond

VOD

Have the link to the VOD?

Description

Time

  • Played on: Oct. 18, 2015, 12:45 a.m.
  • Length: 8:03
Show
View Real Time Build Order
Export as new Build Order

LeeLee Terran 

Build Orders: Reaper Expand, MMM Bio 

Get SALT Encoding   

  12  0:01  SCV  
  13  0:14  SCV  
  14  0:18  Supply Depot  
  14  0:26  SCV  
  15  0:40  SCV  
  15  0:42  Barracks  
  16  0:49  Refinery  
  16  0:52  SCV  
  17  1:04  SCV  
  18  1:16  SCV  
  19  1:29  Orbital Command  
  19  1:32  Reaper  
  20  1:40  Command Center  
  20  1:55  SCV  
  20  1:58  Supply Depot  
  21  2:04  Marine  
  21  2:07  SCV  
  23  2:09  Factory  
  23  2:19  SCV  
  24  2:27  Barracks Reactor  
  24  2:31  SCV  
  25  2:43  SCV  
  26  2:53  Command Center  
  26  2:55  SCV  
  26  2:56  Orbital Command  
  27  3:08  Starport  
  27  3:11  SCV  
  30  3:13  Hellion  
  30  3:14  Hellion  
  30  3:16  Barracks Tech Lab  
  32  3:22  Refinery  
  32  3:26  SCV x2  
  36  3:34  Hellion  
  36  3:35  Hellion  
  36  3:40  SCV  
  36  3:41  SCV  
  40  3:43  Barracks Tech Lab  
  40  3:53  SCV x2  
  45  4:08  SCV  
  45  4:09  SCV  
  47  4:18  Hellion  
  47  4:19  Hellion, Marine  
  47  4:20  Stimpack  
  47  4:21  Orbital Command  
  52  4:25  Barracks  
  52  4:26  SCV  
  52  4:27  SCV  
  52  4:30  Viking  
  53  4:32  Supply Depot  
  53  4:39  SCV x2  
  53  4:42  Engineering Bay  
  53  4:43  Widow Mine x2, Marine  
  53  4:45  Engineering Bay  
  59  4:50  SCV  
  59  4:51  SCV  
  61  4:53  SCV  
  61  4:59  Refinery, Barracks  
  62  5:01  Supply Depot  
  62  5:04  SCV, Refinery  
  63  5:07  SCV x2  
  63  5:10  Missile Turret  
  65  5:15  Widow Mine  
  65  5:16  Widow Mine  
  65  5:18  Missile Turret  
  69  5:22  SCV x2  
  69  5:23  SCV, Barracks Reactor  
  72  5:29  Starport Reactor  
  72  5:32  Missile Turret x2  
  72  5:33  Bunker  
  69  5:38  SCV, Marine  
  69  5:39  SCV x2  
  73  5:47  Terran Infantry Weapons Level 1  
  73  5:48  Terran Infantry Armor Level 1  
  73  5:51  SCV x3, Supply Depot  
  73  5:55  Supply Depot  
  74  6:01  Marine x2  
  77  6:12  Marine, Widow Mine x2  
  77  6:13  SCV x2  
  77  6:14  Barracks Reactor  
  83  6:26  Supply Depot, Barracks  
  83  6:27  SCV  
  83  6:28  SCV  
  83  6:29  Supply Depot  
  83  6:32  Barracks  
  85  6:34  Marine x3  
  85  6:35  Combat Shields  
  85  6:37  Starport Reactor  
  88  6:41  Armory  
  88  6:44  Widow Mine x2  
  92  6:50  SCV x2  
  92  6:51  Marine  
  92  6:52  Marine x2  
  92  6:54  Supply Depot  
  97  6:55  Supply Depot x2  
  97  6:57  Marine x2  
  99  7:09  Marine x2  
  99  7:10  SCV x2, Marine, Orbital Command  
  104  7:22  Marine x3  
  105  7:23  Marine  
  105  7:25  Barracks Reactor, Widow Mine x2  
  105  7:26  Medivac x2  
  116  7:30  Missile Turret  
  116  7:32  SCV x2  
  114  7:43  Marine x3  
  114  7:44  Marine x4  
Show
View Real Time Build Order
Export as new Build Order

Stannis Zerg - Winner!

Build Orders: Hatch First, Muta Ling Bane 

Get SALT Encoding   

  12  0:01  Drone  
  13  0:12  Overlord  
  13  0:17  Drone  
  14  0:30  Drone x2  
  14  0:34  Drone  
  17  0:52  Hatchery  
  17  0:54  Drone  
  17  0:58  Drone  
  18  1:11  Spawning Pool  
  18  1:14  Drone  
  18  1:17  Extractor  
  17  1:18  Drone  
  18  1:28  Drone  
  19  1:56  Drone  
  19  1:57  Queen  
  22  2:02  Overlord  
  22  2:03  Queen  
  22  2:04  Zergling x4  
  26  2:14  Drone  
  26  2:15  Drone  
  28  2:29  Overlord  
  28  2:30  Drone  
  28  2:36  Drone  
  30  2:37  Lair  
  30  2:39  Queen  
  32  2:49  Drone x3  
  35  3:02  Overlord  
  35  3:03  Drone  
  36  3:08  Drone x2  
  36  3:09  Drone x3  
  36  3:12  Drone x2  
  43  3:13  Drone  
  43  3:17  Extractor  
  43  3:19  Extractor  
  42  3:29  Overlord  
  42  3:30  Drone x2  
  44  3:39  Spire  
  43  3:42  Drone x3, Extractor  
  43  3:43  Drone x2  
  47  3:50  Drone x4  
  51  3:59  Drone  
  51  4:02  Metabolic Boost  
  52  4:14  Drone x2  
  54  4:19  Zergling x2  
  54  4:20  Zergling x8  
  54  4:23  Hatchery  
  58  4:25  Overlord  
  58  4:26  Overlord  
  58  4:50  Mutalisk  
  58  4:51  Mutalisk x4  
  68  4:53  Mutalisk  
  68  4:57  Overlord  
  68  4:58  Drone x5  
  75  5:09  Drone  
  75  5:10  Evolution Chamber, Drone  
  75  5:11  Evolution Chamber  
  75  5:16  Baneling Nest  
  75  5:18  Overlord  
  75  5:19  Zerg Flyer Weapons Level 1  
  74  5:21  Drone  
  75  5:38  Drone x3  
  75  5:39  Drone  
  75  5:40  Zergling x8  
  75  5:42  Zerg Ground Armor Level 1, Zerg Melee Weapons Level 1  
  83  5:43  Overlord  
  83  5:59  Zergling x4  
  83  6:00  Zergling x6  
  88  6:05  Centrifical Hooks  
  88  6:07  Baneling  
  88  6:08  Baneling x9  
  88  6:10  Overlord x2  
  88  6:11  Zergling x4  
  88  6:12  Zergling x4  
  88  6:14  Overseer  
  92  6:23  Pneumatized Carapace  
  92  6:24  Zergling x4  
  92  6:25  Zergling x2  
  95  6:29  Overseer  
  95  6:35  Overlord x2  
  95  6:36  Zergling x14  
  95  6:39  Zergling x2  
  105  6:40  Zergling x4  
  105  6:41  Baneling x6  
  105  6:42  Baneling  
  105  6:44  Baneling  
  105  6:54  Spore Crawler  
  105  6:55  Drone x2, Spine Crawler  
  105  7:03  Zergling x16  
  105  7:04  Zergling x4  
  115  7:09  Zergling x2  
  115  7:10  Zergling x8  
  115  7:14  Baneling x9  
  115  7:15  Baneling  
  120  7:16  Baneling x2  
  120  7:17  Baneling x2  
  120  7:25  Zergling x4  
  120  7:29  Baneling x5  
  103  7:47  Drone  
  103  7:48  Drone  
  103  8:02  Hatchery  
Tags
 
Add a new tag
Caveats
  • Supply blocks, unpowered buildings, or Contaminate may cause inaccurate times.
  • Supply counts are checked every 10 seconds.